 Dungeon Sprint DCSS version 0.31-a0-765-g67fe2935dc (webtiles) character file.

Game seed: 10996850341668701556

21641 Conn the Eclecticist (level 12, -3/72 HPs)
             Began as an Octopode Fire Elementalist on Sept 16, 2023.
             Was the Champion of Sif Muna.
             Engulfed by a cloud of freezing vapour (17 damage)
             ... in the Dungeon (Sprint III: "The Ten Rune Challenge").
             The game lasted 00:41:50 (4206 turns).

Conn the Eclecticist (Octopode Fire Elementalist)   Turns: 4206, Time: 00:41:50

Health: -3/72      AC:  1    Str:  7    XL:     12   Next: 92%
Magic:  43/43      EV: 14    Int: 23    God:    Sif Muna [******]
Gold:   2027       SH:  0    Dex: 12    Spells: 3/47 levels left

rFire   + . .        B - staff of fire
rCold   . . .        (no shield)
rNeg    . . .        (helmet restricted)
rPois   .            r - amulet of regeneration
rElec   .            o - ring of wizardry
rCorr   +            q - ring "Zigal" {rCorr MP+9}
SInv    .            c - ring of willpower
Will    +....        z - ring of flight
Stlth   ++++         (no ring)
HPRegen 1.12/turn    (no ring)
MPRegen 0.28/turn    (no ring)
                     (no ring)

%: no teleportation, wizardry (x1)
@: flying
A: almost no armour, amphibious, 8 rings, camouflage 1, gelatinous body 1,
(nimble swimmer 1), tentacles
a: Renounce Religion, Channel Magic, Forget Spell, Divine Exegesis


You were in the Dungeon.
You worshipped Sif Muna.
Sif Muna was exalted by your worship.
You visited 1 branch You collected 2447 gold pieces.
You spent 420 gold pieces at shops.

Inventory:

Hand Weapons
 f - the +5 morningstar of Laill {protect, Int+3}
   (You took it off a deep elf annihilator in the Dungeon)

   Int+3:     It affects your intelligence (+3).
 l - a +0 long sword of holy wrath
 v - the +5 orcbow of the End of Times {elec, Fly}
   (You found it in the Dungeon)

   Fly:       It grants you flight.
 x - a +2 great mace of protection
Magical Staves
 s - a staff of conjuration
 t - a staff of air
 w - a staff of poison
 B - a staff of fire (weapon)
Jewellery
 c - a ring of willpower (on tentacle)
 o - a ring of wizardry (left tentacle)
 q - the ring "Zigal" (right tentacle) {rCorr MP+9}
   (You found it in the Dungeon)

   [ring of magical power]

   MP+9:      It affects your magic capacity (+9).
   rCorr:     It protects you from acid and corrosion.
 r - an amulet of regeneration (around mantle)
 z - a ring of flight (on tentacle)
Wands
 m - a wand of light (11)
Scrolls
 g - a scroll of immolation {unknown}
 h - 3 scrolls of amnesia
 j - a scroll of torment {unknown}
 p - a scroll of silence
 y - a scroll of enchant armour {unknown}
 A - a scroll of revelation {unknown}
Potions
 a - 4 potions of magic
 b - a potion of curing
 d - a potion of haste
 e - 5 potions of mutation
 i - a potion of invisibility {unknown}
 k - 3 potions of enlightenment
Miscellaneous
 n - a phial of floods
 u - a tin of tremorstones (2/2)


   Skills:
 + Level 2.5 Fighting
 + Level 1.4 Long Blades
 + Level 5.0 Dodging
 - Level 5.0 Stealth
 - Level 0.1 Unarmed Combat
 + Level 18.1 Spellcasting
 + Level 10.9 Conjurations
 + Level 3.3 Hexes
 - Level 9.1 Summonings
 + Level 15.9 Fire Magic
 * Level 9.6 Air Magic
 + Level 2.3 Poison Magic
 * Level 13.0 Invocations
 + Level 1.7 Evocations


You had 3 spell levels left.
You knew the following spells:

 Your Spells              Type           Power      Damage    Failure   Level
a - Foxfire               Conj/Fire      100%       2x1d9     0%          1
b - Scorch                Fire           100%       2d9       0%          2
c - Inner Flame           Hex/Fire       78%        N/A       1%          3
d - Starburst             Conj/Fire      45%        6d13      1%          6
e - Summon Cactus Giant   Summ           29%        N/A       3%          6
f - Fireball              Conj/Fire      45%        3d18      1%          5
g - Mephitic Cloud        Conj/Pois/Air  54%        N/A       1%          3
h - Plasma Beam           Fire/Air       44%        2x1d58    1%          6
i - Iskenderun's Battles  Conj           63%        2d11      1%          5
j - Hailstorm             Conj/Ice       46%        3d11      1%          3
k - Iskenderun's Mystic   Conj/Tloc      46%        2d10      1%          4

Your spell library contained the following spells:

 Spells                   Type           Power      Damage    Failure   Level
 Freeze                   Ice            80%        1d9       1%          1
 Kiss of Death            Conj/Necr      100%       2d13      1%          1
 Magic Dart               Conj           100%       1d8       1%          1
 Call Imp                 Summ           100%       N/A       1%          2
 Cigotuvi's Dreadful Rot  Necr/Pois/Air  78%        N/A       1%          2
 Ensorcelled Hibernation  Hex/Ice        56%        N/A       1%          2
 Jinxbite                 Hex            72%        N/A       1%          2
 Passwall                 Tmut/Erth      16%        N/A       1%          2
 Poisonous Vapours        Pois/Air       96%        N/A       1%          2
 Searing Ray              Conj           100%       2d8       1%          2
 Call Canine Familiar     Summ           58%        N/A       1%          3
 Confusing Touch          Hex            36%        N/A       1%          3
 Dazzling Flash           Conj/Hex       100%       N/A       1%          3
 Summon Guardian Golem    Hex/Summ       49%        N/A       1%          3
 Volatile Blastmotes      Fire/Tloc      100%       2d18      1%          3
 Frozen Ramparts          Ice            40%        1d7       3%          3
 Flame Wave               Conj/Fire      90%        2d19      1%          4
 Fulminant Prism          Conj/Hex       26%        3d14      1%          4
 Summon Ice Beast         Ice/Summ       41%        N/A       1%          4
 Summon Lightning Spire   Summ/Air       59%        N/A       1%          4
 Arcjolt                  Conj/Air       31%        1d41      1%          5
 Freezing Cloud           Conj/Ice/Air   25%        6-21      1%          5
 Silence                  Hex/Air        25%        N/A       1%          5
 Cause Fear               Hex            18%        N/A       2%          4
 Summon Mana Viper        Hex/Summ       49%        N/A       2%          5
 Conjure Ball Lightning   Conj/Air       31%        3x3d10    2%          6
 Anguish                  Hex/Necr       14%        N/A       4%          4
 Leda's Liquefaction      Hex/Erth       14%        N/A       4%          4
 Summon Forest            Summ/Tloc      20%        N/A       4%          5
 Orb of Destruction       Conj           31%        9d10      10%         7
 Yara's Violent Unravell  Hex/Tmut       14%        3d7       14%         5
 Spellforged Servitor     Conj/Summ      30%        N/A       14%         7
 Monstrous Menagerie      Summ           29%        N/A       21%         7
 Summon Hydra             Summ           29%        N/A       21%         7
 Eringya's Noxious Bog    Tmut/Pois      13%        4d6       65%         6
 Maxwell's Capacitive Co  Air            30%        ∞         73%         8
 Death Channel            Necr           10%        N/A       80%         6
 Dispersal                Tloc           10%        N/A       80%         6
 Simulacrum               Ice/Necr       10%        N/A       80%         6
 Fire Storm               Conj/Fire      45%        8d11      98%         9
 Dragon's Call            Summ           29%        N/A       100%        9
 Shatter                  Erth           10%        3d11*     100%        9


Dungeon Overview and Level Annotations

Branches:
Dungeon (1/1)

Altars:
Cheibriados
Dithmenos
Elyvilon
Fedhas
Gozag
Hepliaklqana
Kikubaaqudgha
Makhleb
Nemelex Xobeh
Okawaru
Qazlal
Ru
Sif Muna
Trog
Uskayaw
Vehumet
Wu Jian
Xom
Yredelemnul
Zin
The Shining One
Jiyva
Lugonu

Shops:
D *


Innate Abilities, Weirdness & Mutations

You cannot wear most types of armour.
You are amphibious.
You can wear up to eight rings at the same time.
Your skin changes colour to match your surroundings (Stealth+).
Your rubbery body absorbs attacks. (AC +1, EV +1)
((You are camouflaged when in or above water. (Stealth+)))
You have tentacles for arms and can constrict up to eight enemies at once.


Message History

Items here: % ))).
Okay, then.
Unknown command.
Unknown command.
You now have 2027 gold pieces (gained 9).
Items here: ))) [[.
Okay, then.
Unknown command.
A - a scroll labelled EDIRUUGGUO You pick up a book of Dangerous Friends and begin reading...
You add the spell Summon Guardian Golem to your library.
Items here: ( ) [ |.
B - a staff of fire
B - a staff of fire (weapon)
Unknown command.
Unknown command.
Okay, then.
Unknown command.
Unknown command.
You fly up into the air.
z - a ring of flight (on tentacle) Unknown command.
Unknown command.
You reach down and open the door.
Found a sling.
You are engulfed in freezing vapours.
Items here: ))) [[.
You reach down and close the door.
You are engulfed in freezing vapours.
* * * LOW HITPOINT WARNING * * *
Okay, then.
Okay, then.
You feel better.
You are engulfed in freezing vapours.
* * * LOW HITPOINT WARNING * * *
Press: ? - help, v - describe, . - travel, g - get item
Items here: a +4 scimitar of holy wrath; a +0 hand axe; a +0 short sword.
The floor.
There is a cloud of freezing vapour here.
Unknown command.
Unknown command.
You are engulfed in freezing vapours.
You die...

#...[.#.§§#.#.#.).#.#.#.#.#...~≈≈
'...#.#§§§#...#...##.#.#.##...~~~
▓▓▓▓▓▓▓▓▓▓▓▓▓▓▓▓▓▓#.#.#.#.#......
.~~~........~~~...##.#.#.##......
'.≈≈≈≈≈≈≈≈≈≈≈≈.♣..'.#.#.#.#......
.♣♣.♣♣♣♣.♣♣...♣...##.#.#.########
.♣..♣♣♣.♣......♣♣♣##+#####
'♣..♣♣.♣.♣......♣♣#
.##..##~~~~~≈..#@☼#
##.##(#~~~~≈...#☼○#
#.##.##+÷÷~≈≈####+#
#.##...#~~.....☼○☼#
##.##..#≈..+####### ##.#####...#
...# ....# #### #####


There were no monsters in sight!

Vanquished Creatures
  A deep elf master archer (D)
  2 dire elephants (D)
  A deep elf annihilator (D)
  3 deep elf demonologists (D)
  2 deep elf death magi (D)
  A centaur warrior (D)
  2 hydras (D)
  Erica (D)
  Urug (D)
  A death drake (D)
  2 deep elf zephyrmancers (D)
  An orc knight (D)
  4 deep elf pyromancers (D)
  A lindwurm (D)
  An orc sorcerer (D)
  2 elephants (D)
  2 unseen horrors (D)
  2 cane toads (D)
  A komodo dragon (D)
  A rime drake (D)
  3 wandering mushrooms (D)
  A queen bee (D)
  2 tyrant leeches (D)
  5 blink frogs (D)
  A shadow (D)
  3 redbacks (D)
  A swamp drake (D)
  A fire dragon simulacrum (D)
  2 orc warriors (D)
  A black mamba simulacrum (D)
  2 centaurs (D)
  An earth elemental (D)
  A water elemental (D)
  A scorpion (D)
  A necrophage (D)
  32 killer bees (D)
  An electric eel (D)
  A jelly (D)
  3 orc priests (D)
  A wizard (D)
  A necromancer (D)
  3 orc wizards (D)
  A wolf simulacrum (D)
  A kobold demonologist (D)
  3 humans (D)
  7 orcs (D)
  An endoplasm (D)
  3 rats (D)
  A foxfire (D)
117 creatures vanquished.

Vanquished Creatures (others)
  171 foxfires (D)
171 creatures vanquished.

Grand Total: 288 creatures vanquished

Notes
Turn   | Place    | Note
-------+----------+-------------------------------------------
     0 | D        | Conn the Octopode Fire Elementalist began the quest for the
                  | Orb.
     0 | D        | Reached XP level 1. HP: 11/11 MP: 3/3
   122 | D        | Noticed a scorpion
   132 | D        | Killed a scorpion
   133 | D        | Reached skill level 3 in Spellcasting
   133 | D        | Reached XP level 2. HP: 4/17 MP: 0/6
   133 | D        | Reached XP level 3. HP: 5/21 MP: 0/8
   133 | D        | Reached XP level 4. HP: 7/27 MP: 0/9
   137 | D        | Reached skill level 4 in Spellcasting
   270 | D        | Learned a level 2 spell: Scorch
   274 | D        | Learned a level 3 spell: Inner Flame
   279 | D        | Learned a level 4 spell: Flame Wave
   287 | D        | Noticed a water elemental
   291 | D        | Killed a water elemental
   292 | D        | Reached skill level 5 in Spellcasting
   292 | D        | Reached XP level 5. HP: 18/31 MP: 1/12
   376 | D        | Found a radiant altar of Vehumet.
   376 | D        | Found a shimmering blue altar of Sif Muna.
   376 | D        | Found an ancient bone altar of Kikubaaqudgha.
   384 | D        | Reached skill level 5 in Stealth
   467 | D        | Became a worshipper of Sif Muna the Loreminder
   477 | D        | Found a glowing silver altar of Zin.
   477 | D        | Found a glowing golden altar of the Shining One.
   477 | D        | Found a white marble altar of Elyvilon.
   478 | D        | Noticed a deep elf pyromancer
   484 | D        | Killed a deep elf pyromancer
   485 | D        | Reached skill level 8 in Spellcasting
   485 | D        | Reached skill level 5 in Conjurations
   485 | D        | Reached skill level 10 in Fire Magic
   485 | D        | Reached XP level 6. HP: 37/37 MP: 7/17
   485 | D        | Reached XP level 7. HP: 42/42 MP: 7/19
   564 | D        | Learned a level 6 spell: Summon Cactus Giant
   566 | D        | Found a hide-covered altar of Uskayaw.
   566 | D        | Found an iron altar of Okawaru.
   566 | D        | Found a bloodstained altar of Trog.
   566 | D        | Found an ornate altar of the Wu Jian Council.
   566 | D        | Noticed a human
   566 | D        | Noticed a human
   570 | D        | Killed a human
   571 | D        | Reached skill level 1 in Fighting
   571 | D        | Reached skill level 9 in Spellcasting
   571 | D        | Reached skill level 1 in Summonings
   571 | D        | Killed a human
   571 | D        | Reached * piety under Sif Muna
   572 | D        | Reached skill level 5 in Invocations
   572 | D        | Reached XP level 8. HP: 36/48 MP: 11/21
   639 | D        | Found a basalt altar of Yredelemnul.
   639 | D        | Found a shadowy altar of Dithmenos.
   639 | D        | Found a sacrificial altar of Ru.
   692 | D        | Noticed a shadow
   698 | D        | Reached ** piety under Sif Muna
   699 | D        | Reached skill level 1 in Hexes
   701 | D        | Killed a shadow
   702 | D        | Reached skill level 10 in Spellcasting
   756 | D        | Found a blossoming altar of Fedhas.
   756 | D        | Found a stormy altar of Qazlal.
   756 | D        | Found a snail-covered altar of Cheibriados.
   756 | D        | Found a burning altar of Makhleb.
   756 | D        | Found a shimmering altar of Xom.
   757 | D        | Found a hazy altar of Hepliaklqana.
   757 | D        | Found an opulent altar of Gozag.
   757 | D        | Found a sparkling altar of Nemelex Xobeh.
   757 | D        | Found a corrupted altar of Lugonu.
   757 | D        | Found a viscous altar of Jiyva.
   768 | D        | Noticed Erica
   780 | D        | Killed Erica
   781 | D        | Reached skill level 11 in Spellcasting
   781 | D        | Reached XP level 9. HP: 36/54 MP: 8/24
   901 | D        | Found Bast's General Store.
   901 | D        | Noticed an orc sorcerer
   906 | D        | Noticed a soul eater
   913 | D        | Killed an orc sorcerer
   913 | D        | Reached *** piety under Sif Muna
   917 | D        | Noticed an orc knight
  1126 | D        | Killed an orc knight
  1126 | D        | Reached **** piety under Sif Muna
  1127 | D        | Reached skill level 12 in Spellcasting
  1127 | D        | Reached skill level 5 in Summonings
  1213 | D        | Reached skill level 1 in Evocations
  1236 | D        | Reached ***** piety under Sif Muna
  1311 | D        | Received a gift from Sif Muna
  1322 | D        | Learned a level 5 spell: Fireball
  1392 | D        | Bought a ring of wizardry for 420 gold pieces
  1420 | D        | Noticed a deep elf pyromancer
  1420 | D        | Noticed a deep elf zephyrmancer
  1420 | D        | Noticed a deep elf pyromancer
  1420 | D        | Noticed a deep elf pyromancer
  1420 | D        | Noticed a deep elf zephyrmancer
  1429 | D        | Killed a deep elf pyromancer
  1430 | D        | Reached XP level 10. HP: 60/60 MP: 16/26
  1431 | D        | Killed a deep elf zephyrmancer
  1431 | D        | Killed a deep elf zephyrmancer
  1431 | D        | Received a gift from Sif Muna
  1432 | D        | Reached skill level 13 in Spellcasting
  1433 | D        | Killed a deep elf pyromancer
  1434 | D        | Reached skill level 1 in Long Blades
  1435 | D        | Killed a deep elf pyromancer
  1436 | D        | Got Sif Muna's Papyrus of Blazing Outbursts {god gift}
  1441 | D        | Learned a level 3 spell: Mephitic Cloud
  1448 | D        | Learned a level 6 spell: Plasma Beam
  1595 | D        | Noticed a deep elf demonologist
  1596 | D        | Identified the +5 morningstar of Laill {protect, Int+3}
  1596 | D        | Noticed a deep elf annihilator
  1598 | D        | Killed a deep elf demonologist
  1599 | D        | Reached skill level 14 in Spellcasting
  1599 | D        | Reached skill level 1 in Air Magic
  1602 | D        | Noticed a deep elf master archer
  1604 | D        | Noticed a deep elf death mage
  1746 | D        | Noticed a deep elf demonologist
  1748 | D        | Killed a deep elf annihilator
  1755 | D        | Killed a deep elf demonologist
  1756 | D        | Reached XP level 11. HP: 64/64 MP: 0/29
  1893 | D        | Noticed a deep elf demonologist
  1894 | D        | Noticed a deep elf death mage
  1896 | D        | Killed a deep elf demonologist
  1896 | D        | Received a gift from Sif Muna
  1896 | D        | Killed a deep elf death mage
  1897 | D        | Reached skill level 15 in Spellcasting
  1897 | D        | Reached skill level 10 in Invocations
  2066 | D        | Learned a level 5 spell: Iskenderun's Battlesphere
  2585 | D        | Killed a deep elf master archer
  2719 | D        | Killed a deep elf death mage
  2734 | D        | Killed a ghostly deep elf death mage
  2735 | D        | Reached skill level 16 in Spellcasting
  2762 | D        | Identified the +5 orcbow of the End of Times {elec, Fly}
  2772 | D        | Learned a level 3 spell: Hailstorm
  2773 | D        | Got the Vellum of Doomed Grit
  2774 | D        | Identified the ring "Zigal" {rCorr MP+9}
  2892 | D        | Noticed a centaur warrior
  2899 | D        | Killed a centaur warrior
  2900 | D        | Reached skill level 10 in Conjurations
  2900 | D        | Reached skill level 5 in Air Magic
  3067 | D        | Received a gift from Sif Muna
  3069 | D        | Got Qujuzi's Tractate on Windy Blasting {god gift}
  3118 | D        | Received a gift from Sif Muna
  3134 | D        | Reached ****** piety under Sif Muna
  3137 | D        | Received a gift from Sif Muna
  3150 | D        | Reached XP level 12. HP: 35/70 MP: 17/32
  3150 | D        | Received a gift from Sif Muna
  3152 | D        | Reached skill level 1 in Poison Magic
  3156 | D        | Got Sif Muna's Atlas of Spatial Destruction {god gift}
  3158 | D        | Got Sif Muna's Discursus on Beckoning {god gift}
  3158 | D        | Got Cimiac's Compendium of the Collective Birds {god gift}
  3164 | D        | Learned a level 4 spell: Iskenderun's Mystic Blast
  3287 | D        | Learned a level 6 spell: Starburst
  3405 | D        | Received a gift from Sif Muna
  3406 | D        | Reached skill level 17 in Spellcasting
  3489 | D        | Got Sif Muna's Omnibus of the Sizzling Fair Folk {god gift}
  3515 | D        | Reached skill level 15 in Fire Magic
  3719 | D        | Received a gift from Sif Muna
  3720 | D        | Got Sif Muna's Further Steps in the Mind of the Magus {god
                  | gift}
  3723 | D        | Noticed Urug
  3726 | D        | Killed Urug
  3826 | D        | Noticed a five-headed hydra
  3826 | D        | Noticed a four-headed hydra
  3830 | D        | Killed a four-headed hydra
  3832 | D        | Killed a five-headed hydra
  4021 | D        | Received a gift from Sif Muna
  4101 | D        | Noticed a dire elephant
  4109 | D        | Reached skill level 18 in Spellcasting
  4114 | D        | Noticed a dire elephant
  4115 | D        | Killed a dire elephant
  4115 | D        | Received a gift from Sif Muna
  4116 | D        | Got Vyduaca's Spellbook of Percussion {god gift}
  4129 | D        | Killed a dire elephant
  4130 | D        | Reached skill level 5 in Dodging
  4206 | D        | Engulfed by a cloud of freezing vapour

Illustrated notes

Levels and vault maps discovered:
D:        dungeon_sprint_mu [sprint_mu_entry_forest, sprint_mu_temple_rooms,
          sprint_mu_d1_horrors, sprint_mu_d2_genie, sprint_mu_d3_branching,
          sprint_mu_orc_legion, sprint_mu_elf_gauntlet, sprint_mu_hive_nellie,
          sprint_mu_lair_fedhas, sprint_mu_vaults_butterflies,
          sprint_mu_slime_circle, sprint_mu_swamp_cave, sprint_mu_shoals_kraken,
          sprint_mu_blade_basic, sprint_mu_crypt_lich, sprint_mu_tomb_spiral,
          sprint_mu_vestibule_basic, sprint_mu_gehenna_hellfire,
          sprint_mu_dis_giant, sprint_mu_tartarus_statrot,
          sprint_mu_cocytus_islands, sprint_mu_zot1]

Skill      XL: |  1  2  3  4  5  6  7  8  9 10 11 12 |
---------------+-------------------------------------+-----
Stealth        | 4 5 |  5.0
Dodging        | 3 4 5 |  5.0
Spellcasting   | 3 5 8 9 11 12 14 16 18 | 18.1
Conjurations   | 2 3 5 6 7 9 10 | 10.9
Fire Magic     | 6 7 10 11 12 13 14 15 | 15.9
Invocations    | 4 5 6 8 9 11 13 | 13.0
Fighting       | 1 2 |  2.5
Summonings     | 2 3 5 7 9 |  9.1
Hexes          | 1 2 3 |  3.3
Evocations     | 1 |  1.7
Long Blades    | 1 |  1.4
Air Magic      | 3 5 9 |  9.6
Poison Magic   | 2 |  2.3
Unarmed Combat | |  0.1

Action                     |  1- 3 |  4- 6 |  7- 9 | 10-12 || total
---------------------------+-------+-------+-------+-------++-------
  Melee: Unarmed           |     3 |     4 |       |       ||     7
         Tentacles         |     1 |     2 |     2 |     2 ||     7
         Constrict         |     1 |       |     2 |     4 ||     7
         Long sword        |       |       |     5 |       ||     5
         Staff             |       |       |       |    10 ||    10
   Cast: Foxfire           |    10 |     5 |    36 |    63 ||   114
         Scorch            |       |     8 |    24 |    34 ||    66
         Inner Flame       |       |     1 |     9 |     9 ||    19
         Flame Wave        |       |       |     2 |     8 ||    10
         Summon Cactus Gia |       |       |     1 |     7 ||     8
         Fireball          |       |       |       |    31 ||    31
         Plasma Beam       |       |       |       |    24 ||    24
         Iskenderun's Batt |       |       |       |     7 ||     7
         Mephitic Cloud    |       |       |       |     8 ||     8
         Starburst         |       |       |       |     6 ||     6
 Invoke: Channel Magic     |       |       |       |     4 ||     4
  Evoke: Wand              |       |       |     6 |       ||     6
    Use: Potion            |     1 |       |     1 |     2 ||     4
         Scroll            |       |       |     1 |     3 ||     4
 Armour: Skin              |     2 |     1 |     8 |    55 ||    66
  Dodge: Dodged            |     1 |     2 |     6 |    32 ||    41

Table legend: (Time is in decaauts)
 A = Elapsed time spent in this place.
 B = Non-inter-level travel time spent in this place.
 C = Inter-level travel time spent in this place.
 D = Time resting spent in this place.
 E = Time spent auto-exploring this place.
 F = Levels seen in this place.
 G = Mean time per level.
                   A        B        C        D        E       F      G
               +--------+--------+--------+--------+--------+-----+--------+
         Total |   4210 |   4210 |      0 |   2899 |      0 |   1 | 4210.0 |
       Dungeon |   4210 |   4210 |      0 |   2899 |      0 |   1 | 4210.0 |
               +--------+--------+--------+--------+--------+-----+--------+

Top non-repeatable levels by time:
       D: 4210 daAuts
